 Dungeon Crawl Stone Soup version 0.17-a0-2073-gde5cdba (webtiles) character file.

57 Blomdor the Slasher (level 4, 0/31 HPs)
             Began as a Halfling Berserker on Oct 14, 2015.
             Was a Believer of Trog.
             Succumbed to poison (a potion of poison)
             ... on level 2 of the Dungeon.
             The game lasted 00:02:01 (1135 turns).

Blomdor the Slasher (Halfling Berserker)            Turns: 1135, Time: 00:02:01

Health: 0/31       AC:  1    Str: 18    XL:     4   Next: 18%
Magic:  4/4        EV: 15    Int:  4    God:    Trog [**....]
Gold:   77         SH:  0    Dex: 13    Spells: 0 memorised, 3 levels left

rFire  . . .     SeeInvis .     k - +2 dagger (venom)
rCold  . . .     Clarity  .     b - +0 animal skin
rNeg   . . .     SustAt   .     (shield restricted)
rPois  .         Gourm    .     (no helmet)
rElec  .         Spirit   .     (no cloak)
rCorr  .         Warding  .     (no gloves)
rMut   .         Stasis   .     (no boots)
MR     .....                    (no amulet)
Stlth  +.........               (no ring)
                                d - ring of flight

@: lethally poisoned (0 -> -5), not resistant to hostile enchantments, very
unstealthy
A: claws 1, deformed body, dopey 1, mutation resistance 1, MP-powered wands
a: Burn Spellbooks, Berserk, Trog's Hand, Renounce Religion, Evoke Flight


You were on level 2 of the Dungeon.
You worshipped Trog.
Trog was pleased with you.
You were hungry.

You visited 1 branch of the dungeon, and saw 2 of its levels.

You collected 77 gold pieces.


Innate Abilities, Weirdness & Mutations

You are small and have problems with some larger weapons.
You are somewhat resistant to further mutation.
You have sharp fingernails.
Armour fits poorly on your strangely shaped body.
You are dopey. (Int -2)
You expend magic power (3 MP) to strengthen your wands.


   Skills:
 + Level 3.1 Fighting
 * Level 3.7 Long Blades
 + Level 2.5 Armour
 + Level 2.9 Dodging


You had 3 spell levels left.
You didn't know any spells.

Inventory:

Hand Weapons
 a - a +0 falchion
 k - a +2 dagger of venom (weapon)
Armour
 b - a +0 animal skin (worn)
Jewellery
 d - a ring of flight (left claw)
Scrolls
 e - a scroll of magic mapping {unknown}
 j - a scroll of recharging {unknown}
Potions
 g - a potion of poison {!q}
Comestibles
 c - 3 bread rations
 f - 2 meat rations

Dungeon Overview and Level Annotations

Branches:
Dungeon (2/15)

Altars:
Trog

############
#####..........########
#..........#@.........#
#.###.####.#...##...#.#######
#.# #.# #....)..._........ .
#.# #.# ####.###...##.######
#.# #.# #.# ###...†...... #.#
#.# #.# #.##(####.#
#.###.#######.# ###.# .####..
#####.##..........###.#.#
.......
#.................##.#..#
#####..


There were no monsters in sight!


Message History

There is a lethal amount of poison in your body!
* * * LOW HITPOINT WARNING * * *
You feel sick.
* * * LOW HITPOINT WARNING * * *
You feel sick.
* * * LOW HITPOINT WARNING * * *
You feel sick.
* * * LOW HITPOINT WARNING * * *
You feel sick.
* * * LOW HITPOINT WARNING * * *
You feel sick.
* * * LOW HITPOINT WARNING * * *
You feel sick.
* * * LOW HITPOINT WARNING * * *
You feel sick.
* * * LOW HITPOINT WARNING * * *
You feel sick.
* * * LOW HITPOINT WARNING * * *
You feel sick.
* * * LOW HITPOINT WARNING * * *
You feel sick.
* * * LOW HITPOINT WARNING * * *
You feel sick.
* * * LOW HITPOINT WARNING * * *
You feel sick.
* * * LOW HITPOINT WARNING * * *
You feel sick.
* * * LOW HITPOINT WARNING * * *
You feel sick.
You die...

Action                   |  1- 3 |  4- 6 || total
-------------------------+-------+-------++-------
Melee: Falchion          |    45 |       ||    45
       Dagger            |    50 |     5 ||    55
 Abil: Evoke Flight      |     1 |       ||     1
  Use: Potion            |     2 |     2 ||     4
 Stab: Sleeping          |     2 |       ||     2

Vault maps used:
D:1:      nicolae_arrival_washed_ashore, serial_bayou_pond_d
D:2:      bloody_trog, first_bread

Notes
Turn   | Place    | Note
--------------------------------------------------------------
     0 | D:1      | Blomdor the Halfling Berserker began the quest for the Orb.
     0 | D:1      | Reached XP level 1. HP: 15/15 MP: 1/1
   434 | D:1      | Reached XP level 2. HP: 16/20 MP: 2/2
   706 | D:1      | Gained mutation: You are dopey. (Int -2) [potion of mutation]
   706 | D:1      | Gained mutation: You expend magic power (3 MP) to strengthen your wands. [potion of mutation]
   794 | D:2      | Reached skill level 3 in Fighting
   863 | D:2      | Reached XP level 3. HP: 24/26 MP: 3/3
   911 | D:2      | Reached ** piety under Trog
  1046 | D:2      | Reached XP level 4. HP: 23/31 MP: 4/4
  1059 | D:2      | Found a bloodstained altar of Trog.
  1116 | D:2      | Gained mutation: Armour fits poorly on your strangely shaped body. [potion of mutation]
  1116 | D:2      | Gained mutation: You have sharp fingernails. [potion of mutation]
  1130 | D:2      | HP: 3/31 [poison (a potion of poison)]
  1133 | D:2      | HP: 1/31 [poison (a potion of poison)]
  1135 | D:2      | Succumbed to poison (a potion of poison)

Vanquished Creatures
  3 adders (D:2)
  5 hobgoblins
  4 kobolds
  A ball python (D:1)
  5 bats
  3 giant cockroaches
  A giant newt (D:1)
  6 goblins
  2 rats (D:2)
30 creatures vanquished.
